 Dungeon Crawl Stone Soup version 0.20-a0-540-ge6d1839 (webtiles) character file.

103128 kr4n3x the Executioner (level 15, 82/141 HPs)
             Began as a Minotaur Berserker on Jan 28, 2017.
             Was an Elder of Trog.
             Quit the game on level 1 of the Swamp on Mar 22, 2017.
             The game lasted 01:13:14 (23532 turns).

kr4n3x the Executioner (Minotaur Berserker)        Turns: 23532, Time: 01:13:15

Health: 82/141     AC: 25    Str: 28    XL:     15   Next: 88%
Magic:  14/14      EV: 13    Int:  1    God:    Trog [****..]
Gold:   2469       SH:  0    Dex: 10    Spells: 14/14 levels left

rFire    . . .     SeeInvis +   J - +4 executioner's axe (freeze)
rCold    + . .     Gourm    .   Y - +1 plate armour {rC+}
rNeg     . . .     Faith    .   (shield currently unavailable)
rPois    .         Spirit   .   C - +2 hat
rElec    .         Reflect  .   V - +0 cloak
rCorr    .         Harm     .   e - +1 pair of gloves
MR       +++++     Rnd*Rage +   o - +0 pair of boots
Stlth    ..........             P - necklace of Bloodlust {*Rage +Rage MR++ Int-3 Slay+6 *Curse}
Regen    1.4/turn               a - ring of protection from magic
                                w - ring of see invisible

@: regenerating
A: retaliatory headbutt, horns 2
a: Berserk, Trog's Hand, Brothers in Arms, Burn Spellbooks, Renounce Religion,
Evoke Berserk Rage


You were on level 1 of the Swamp.
You worshipped Trog.
Trog was greatly pleased with you.
You were not hungry.

You visited 4 branches of the dungeon, and saw 24 of its levels.
You also visited: Labyrinth, Sewer, Ossuary and Bailey.

You collected 2506 gold pieces.
You spent 37 gold pieces at shops.

Inventory:

Hand Weapons
 J - a +4 executioner's axe of freezing (weapon)
Armour
 e - a +1 pair of gloves (worn)
 o - a +0 pair of boots (worn)
 C - a +2 hat (worn)
 V - a +0 cloak (worn)
 Y - a +1 plate armour of cold resistance (worn)
Jewellery
 a - a ring of protection from magic (right hand)
 n - an uncursed ring of positive energy
 w - a ring of see invisible (left hand)
 P - the necklace of Bloodlust (around neck) {*Rage +Rage MR++ Int-3 Slay+6 *Curse}
   (You found it on level 6 of the Lair of Beasts)

   [amulet of rage]

   It affects your intelligence (-3).
   It affects your accuracy and damage with ranged weapons and melee attacks
   (+6).
   It affects your resistance to hostile enchantments.
   It lets you go berserk.
   It may make you go berserk in combat.
   It curses itself when equipped.
 U - an uncursed amulet of magic regeneration {unknown}
Wands
 b - a wand of acid (6/15)
 y - a wand of confusion (24/48)
 z - a wand of acid (15/15)
 E - a wand of polymorph (10/24)
 K - a wand of clouds (4/9)
 Z - a wand of digging (13/24)
Scrolls
 h - 7 scrolls of remove curse
 k - 10 scrolls of teleportation
 t - 8 scrolls of enchant armour
 u - 2 scrolls of fear
 x - a scroll of identify
 N - 5 scrolls of enchant weapon
 T - 3 scrolls of blinking
 X - a scroll of recharging
Potions
 f - 4 potions of ambrosia
 g - 6 potions of flight
 i - 10 potions of curing
 l - 3 potions of cancellation
 m - 3 potions of berserk rage
 p - 4 potions of resistance
 q - 8 potions of heal wounds
 s - 3 potions of agility
 v - 2 potions of cure mutation
 A - 3 potions of haste
 B - a potion of might
 D - a potion of brilliance
 W - a potion of magic
Miscellaneous
 O - a fan of gales
Comestibles
 c - 13 bread rations
 d - 18 meat rations
 j - 8 royal jellies
 r - 3 chunks of flesh
 I - 24 fruits


   Skills:
 + Level 15.0 Fighting
 * Level 21.0 Axes
 + Level 14.4 Armour
 + Level 13.7 Dodging


You had 14 spell levels left.
You didn't know any spells.

Dungeon Overview and Level Annotations

Branches:
Dungeon (15/15)            Temple (0/1) D:7            Lair (6/6) D:8
  Swamp (1/4) Lair:3        Snake (0/4) Lair:3        Slime (0/5) Lair:5
    Orc (2/2) D:9             Elf (0/3) Orc:2        Vaults (0/5) D:14
 Depths (0/5) D:15

Altars:
Kikubaaqudgha
Okawaru
Qazlal
Sif Muna
Yredelemnul
Zin

Shops:
D:9 [   Orc:1 (   Orc:2 (*[![}[


Innate Abilities, Weirdness & Mutations

You reflexively headbutt those who attack you in melee.
You have a pair of horns on your head.


Message History

You are too injured to fight recklessly!
You are too injured to fight recklessly!
You miss the insubstantial wisp.
Your headbutt misses the insubstantial wisp.
The insubstantial wisp hits you but does no damage.
You miss the insubstantial wisp.
Your headbutt misses the insubstantial wisp.
The insubstantial wisp hits you but does no damage.
You slice the insubstantial wisp!!
You destroy the insubstantial wisp!
Trog accepts your kill.
You start resting.
You feel the effects of Trog's Hand fading.
Saving game... please wait.
You feel a wave of frost pass over you.
There is an entrance to an ice cave on this level.
Hurry and find it before the portal melts!
Welcome back, kr4n3x the Minotaur Berserker.
Trog says: Kill them all!
Press ? for a list of commands and other information.
Are you sure you want to abandon this character and quit the game? (Confirm with "yes".)

♣♣♣♣♣♣..♣.≈≈≈..♣♣
♣♣♣♣♣♣♣♣.....≈≈≈≈≈.§♣
♣≈♣≈≈♣♣≈.≈≈..≈≈≈≈≈.♣
♣....≈♣.≈≈.♣.≈≈≈≈≈.♣
♣≈.≈≈♣....♣♣..≈≈≈≈.♣
♣♣≈≈♣♣≈..♣♣♣♣.≈≈≈≈♣♣
♣..♣♣♣♣≈♣♣ ♣..≈≈.♣♣♣♣
♣♣≈♣ ♣♣♣ ♣≈.≈≈≈≈≈.♣
♣♣♣ ♣@†≈≈≈≈≈≈.
≈...≈.....≈≈....
♣.......≈≈≈≈....
♣≈.....≈≈≈≈≈≈...
♣≈.≈≈≈.≈≈≈≈≈≈...
≈≈.≈≈≈≈≈≈≈≈≈≈≈.♣
≈≈≈≈≈≈≈≈≈≈≈≈≈≈≈≈
≈≈≈≈≈≈≈≈≈≈..§≈≈≈


There were no monsters in sight!

Vanquished Creatures
  Saint Roka (Orc:2)
  Rupert (Lair:5)
  2 orc warlords
  A dire elephant (Lair:6)
  A minotaur (Lab)
  Snorg (Orc:2)
  Fannar (D:10)
  2 fire dragons (D:15)
  A rakshasa (D:14)
  Erolcha (D:12)
  3 vault guards (D:14)
  Harold (D:12)
  Erica (Orc:1)
  6 two-headed ogres
  2 catoblepae
  3 centaur warriors
  An alligator (Swamp:1)
  3 orc high priests (Orc:2)
  A deep elf knight (D:14)
  Nergalle (D:12)
  4 skeletal warriors (D:15)
  2 unseen horrors (D:15)
  A wizard (D:14)
  A necromancer (Lair:4)
  A swamp dragon (Swamp:1)
  2 lindwurms (Lair:6)
  10 orc knights
  A deep elf mage (D:15)
  4 oklob plants (Lair:3)
  5 orc sorcerers
  4 manticores
  9 ugly things
  11 elephants
  Maurice (Orc:1)
  6 black mambas
  A torpor snail (Lair:6)
  3 komodo dragons
  3 rime drakes
  6 yaktaurs
  11 spiny frogs
  2 kobold demonologists (D:14)
  2 efreet (D:15)
  A wolf spider simulacrum (D:15)
  6 trolls
  A harpy skeleton (D:15)
  12 blink frogs
  A tyrant leech (Lair:3)
  2 hornets
  2 polar bears
  9 slime creatures
  A raiju (shapeshifter) (D:15)
  Grinder (D:5)
  7 hippogriffs
  A meliai zombie (D:15)
  10 dream sheep
  9 wyverns
  A spriggan (D:8)
  33 yaks
  Grum (D:9)
  4 basilisks
  10 hungry ghosts
  4 wargs
  19 water moccasins
  4 insubstantial wisps (Swamp:1)
  7 swamp worms
  5 porcupines
  A swamp drake (Swamp:1)
  An eye of draining (D:14)
  41 orc warriors
  2 ice beasts
  3 phantoms
  3 sky beasts
  4 necrophages
  3 ogres
  13 wolves
  12 centaurs
  8 crocodiles
  6 big kobolds
  17 bullfrogs
  3 elf zombies
  2 wyvern zombies (D:11)
  4 scorpions
  9 killer bees
  A vampire bat (D:6)
  21 wights
  3 howler monkeys (D:9)
  An electric eel (Lair:3)
  8 crimson imps
  2 centaur zombies
  5 human zombies
  9 hounds
  6 jellies
  22 orc priests
  A bullfrog skeleton (D:11)
  26 orc wizards
  8 centaur skeletons
  3 iguanas
  A hell rat (Lair:6)
  11 worker ants
  4 yak simulacra (Lair:4)
  2 polar bear simulacra (Lair:4)
  4 wolf simulacra (Lair:4)
  2 hound zombies
  A hound skeleton (D:8)
  6 mummies
  16 adders
  14 gnolls
  8 river rats
  4 shadow imps
  An ooze (D:2)
  2 adder zombies
  3 adder skeletons
  15 worms
  3 dart slugs
  7 leopard geckos
  110 orcs
  4 bat skeletons (D:6)
  2 bat zombies (D:6)
  12 giant cockroaches
  31 goblins
  19 hobgoblins
  26 jackals
  33 kobolds
  9 quokkas
  9 ball pythons
  4 bats
  4 frilled lizards
  11 hobgoblin zombies (Ossuary)
  13 kobold zombies (Ossuary)
  A leopard gecko skeleton (D:4)
  A leopard gecko zombie (D:5)
  6 orc zombies (Ossuary)
  2 quokka zombies
  31 rats
  3 rat zombies (Ossuary)
  A river rat simulacrum (Lair:4)
  A butterfly (Lair:3)
  6 fungi
  3 plants (Lair:3)
969 creatures vanquished.

Vanquished Creatures (collateral kills)
  A stone giant (Orc:1)
  Nessos (Lair:6)
  A hydra (shapeshifter) (D:15)
  5 hydras
  A manticore (Lair:6)
  3 elephants (Lair:6)
  A rime drake (Lair:6)
  A troll (Orc:1)
  An orc warrior (Orc:2)
  A bullfrog (Lair:1)
  An orc priest (Orc:1)
  An orc wizard (Orc:1)
  An orc (Orc:2)
19 creatures vanquished.

Vanquished Creatures (others)
  An orc wizard (Orc:2)
  19 fungi
  24 plants
44 creatures vanquished.

Grand Total: 1032 creatures vanquished

Notes
Turn   | Place    | Note
-------+----------+-------------------------------------------
     0 | D:1      | kr4n3x the Minotaur Berserker began the quest for the Orb.
     0 | D:1      | Reached XP level 1. HP: 19/19 MP: 0/0
    42 | D:1      | Reached skill level 4 in Axes
   297 | D:1      | Reached XP level 2. HP: 26/26 MP: 1/1
   654 | D:1      | Reached ** piety under Trog
   840 | D:2      | Reached skill level 5 in Axes
   844 | D:2      | Reached XP level 3. HP: 31/31 MP: 2/2
  1010 | D:2      | Found a stormy altar of Qazlal.
  1012 | D:2      | Noticed an air elemental
  1013 | D:2      | Noticed a fire elemental
  1013 | D:2      | Noticed an earth elemental
  1013 | D:2      | Noticed a water elemental
  1424 | D:2      | Reached XP level 4. HP: 38/39 MP: 3/3
  1486 | D:3      | Reached skill level 6 in Axes
  1744 | D:3      | Reached *** piety under Trog
  1760 | D:3      | Reached XP level 5. HP: 26/45 MP: 4/4
  1787 | D:3      | Reached skill level 7 in Axes
  2602 | D:4      | Reached skill level 8 in Axes
  2645 | D:4      | Reached XP level 6. HP: 39/51 MP: 5/5
  2974 | D:4      | Reached **** piety under Trog
  3355 | D:5      | Entered Level 5 of the Dungeon
  3492 | D:5      | Reached skill level 9 in Axes
  3493 | D:5      | Found a glowing drain.
  3520 | Sewer    | Entered a sewer
  3729 | Sewer    | Reached ***** piety under Trog
  3729 | Sewer    | Reached XP level 7. HP: 41/57 MP: 6/6
  4080 | D:5      | Reached skill level 10 in Axes
  4231 | D:5      | Noticed Grinder
  4249 | D:5      | Killed Grinder
  4249 | D:5      | Reached skill level 11 in Axes
  4367 | D:5      | Reached XP level 8. HP: 64/64 MP: 7/7
  4693 | D:6      | Reached skill level 12 in Axes
  4718 | D:6      | Found an ancient bone altar of Kikubaaqudgha.
  4916 | D:6      | Got a ripped robe
  4927 | D:6      | Identified the +2 robe "Astedem" {*Corrode rPois Int+5 Stlth+} (You found it on level 6 of the Dungeon)
  5453 | D:7      | Found a staircase to the Ecumenical Temple.
  5509 | D:7      | Reached skill level 13 in Axes
  5674 | D:7      | Reached XP level 9. HP: 72/72 MP: 8/8
  5918 | D:7      | Found a deep blue altar of Sif Muna.
  6077 | D:8      | Reached skill level 5 in Fighting
  6157 | D:8      | Found a staircase to the Lair.
  6164 | D:8      | Received a gift from Trog
  6287 | D:8      | Found a sand-covered staircase.
  6291 | Ossuary  | Entered an ossuary
  6388 | Ossuary  | Reached ****** piety under Trog
  6414 | Ossuary  | Reached skill level 5 in Armour
  6570 | D:8      | Reached skill level 5 in Dodging
  6571 | D:8      | Noticed a two-headed ogre
  6578 | D:8      | Killed a two-headed ogre
  6650 | D:8      | Reached XP level 10. HP: 50/84 MP: 3/9
  6823 | D:8      | Found a glowing silver altar of Zin.
  6880 | D:8      | Noticed a two-headed ogre
  6885 | D:8      | Killed a two-headed ogre
  6885 | D:8      | Reached skill level 14 in Axes
  7284 | D:8      | Found an iron altar of Okawaru.
  7359 | D:8      | Received a gift from Trog
  7462 | D:9      | Found Daofy's Armour Shoppe.
  7477 | D:9      | Noticed a two-headed ogre
  7483 | D:9      | Killed a two-headed ogre
  7484 | D:9      | Found a staircase to the Orcish Mines.
  8147 | D:9      | Noticed Grum
  8155 | D:9      | Killed Grum
  8325 | D:9      | Reached XP level 11. HP: 95/97 MP: 3/10
  8417 | D:10     | Entered Level 10 of the Dungeon
  8417 | D:10     | Noticed Fannar
  8433 | D:10     | Killed Fannar
  8860 | D:10     | Received a gift from Trog
  9062 | D:10     | Reached skill level 15 in Axes
  9180 | D:11     | Reached skill level 10 in Fighting
  9290 | D:11     | Noticed a white ugly thing
  9300 | D:11     | Killed a white ugly thing
  9592 | D:11     | Noticed a cyan ugly thing
  9598 | D:11     | Killed a cyan ugly thing
  9836 | D:11     | Noticed a two-headed ogre
  9842 | D:11     | Killed a two-headed ogre
 10039 | D:11     | Noticed a cyan ugly thing
 10047 | D:11     | Killed a cyan ugly thing
 10259 | D:11     | Noticed a green ugly thing
 10266 | D:11     | Killed a green ugly thing
 10266 | D:11     | Reached skill level 10 in Armour
 10476 | D:12     | Reached XP level 12. HP: 99/108 MP: 3/11
 10529 | D:12     | Noticed Nergalle
 10541 | D:12     | Killed Nergalle
 10541 | D:12     | Received a gift from Trog
 10668 | D:12     | Identified 2 scrolls of acquirement
 10669 | D:12     | Got a pitted war axe
 10670 | D:12     | Identified the +6 war axe of the Shore {protect, Str+4 Stlth+} (You acquired it on level 12 of the Dungeon)
 10972 | D:12     | Noticed Erolcha
 10982 | D:12     | Killed Erolcha
 10982 | D:12     | Reached skill level 16 in Axes
 11022 | D:12     | Noticed Harold
 11034 | D:12     | Killed Harold
 11437 | D:13     | Reached skill level 10 in Dodging
 11690 | D:13     | Noticed an eight-headed hydra
 11700 | D:13     | Killed a seven-headed hydra
 12001 | D:13     | Received a gift from Trog
 12008 | D:13     | Noticed an eight-headed hydra
 12012 | D:13     | Killed an eight-headed hydra
 12245 | Lair:1   | Entered Level 1 of the Lair of Beasts
 12455 | Lair:1   | Noticed a six-headed hydra
 12461 | Lair:1   | Killed a seven-headed hydra
 12872 | Lair:2   | Found a labyrinth entrance.
 12882 | Lab      | Entered a labyrinth
 13014 | Lab      | Reached XP level 13. HP: 117/117 MP: 12/12
 13044 | Lab      | Reached skill level 17 in Axes
 13286 | Lab      | Noticed a minotaur
 13293 | Lab      | Killed a minotaur
 13486 | Lair:2   | Received a gift from Trog
 14546 | Lair:3   | Found a staircase to the Snake Pit.
 14610 | Lair:3   | Found a staircase to the Swamp.
 15235 | Lair:4   | Received a gift from Trog
 15398 | Lair:4   | Reached skill level 18 in Axes
 15675 | Lair:4   | Got a crystal war axe
 15676 | Lair:4   | Identified the cursed +2 war axe of Capital Punishment {pain, rF+ Int+9} (You found it on level 4 of the Lair of Beasts)
 15983 | Lair:5   | Noticed Rupert
 15983 | Lair:5   | Paralysed by Rupert for 3 turns
 15993 | Lair:5   | Killed Rupert
 16285 | Lair:5   | Reached XP level 14. HP: 126/127 MP: 13/13
 16286 | Lair:5   | Received a gift from Trog
 16486 | Lair:5   | Found a staircase to the Slime Pits.
 16686 | Lair:6   | Entered Level 6 of the Lair of Beasts
 16955 | Lair:6   | Noticed Nessos
 16967 | Lair:6   | Killed Nessos
 17482 | Lair:6   | Reached skill level 19 in Axes
 18212 | Orc:1    | Entered Level 1 of the Orcish Mines
 18212 | Orc:1    | Noticed Maurice
 18214 | Orc:1    | Found Sogiapad's Weapon Shop.
 18223 | Orc:1    | Killed Maurice
 18378 | Orc:1    | Noticed Erica
 18384 | Orc:1    | Killed Erica
 18392 | Orc:1    | Noticed an orc warlord
 18404 | Orc:1    | Found a flagged portal.
 18411 | Orc:1    | Killed an orc warlord
 18417 | Orc:1    | Noticed a stone giant
 18425 | Orc:1    | Killed a stone giant
 18447 | Orc:1    | Got a warped hand axe {chop}
 18448 | Orc:1    | Identified the cursed +1 hand axe of Imminent Death {chop, rC+} (You took it off an orc on level 1 of the Orcish Mines)
 18479 | Bailey   | Entered a bailey
 18751 | Bailey   | Received a gift from Trog
 18855 | Bailey   | Noticed an orc warlord
 18871 | Bailey   | Killed an orc warlord
 18951 | Bailey   | Got a fine ring mail
 18962 | Bailey   | Identified the +4 ring mail of Devotion {rPois MR- MP+9} (You found it in a bailey)
 18974 | Bailey   | Gained mutation: You possess an exceptional clarity of mind. [potion of beneficial mutation]
 18975 | Bailey   | Gained mutation: You evolve. [potion of beneficial mutation]
 19147 | Orc:2    | Entered Level 2 of the Orcish Mines
 19243 | Orc:2    | Noticed Saint Roka
 19261 | Orc:2    | Killed Saint Roka
 19294 | Orc:2    | Gained mutation: Your body sometimes deteriorates upon taking damage. [evolution]
 19477 | Orc:2    | Found Kaatupniu's Weapon Boutique.
 19493 | Orc:2    | Found Meficirgh's Assorted Antiques.
 19498 | Orc:2    | Noticed Snorg
 19511 | Orc:2    | Killed Snorg
 19528 | Orc:2    | Reached XP level 15. HP: 95/138 MP: 14/14
 19589 | Orc:2    | Bought a scroll labeled NIESCH INWOK for 37 gold pieces
 19633 | Orc:2    | Found a staircase to the Elven Halls.
 19735 | Orc:2    | Reached skill level 20 in Axes
 19742 | Orc:2    | Lost intelligence.
 19752 | Orc:2    | Found Guseg's Gadget Boutique.
 19752 | Orc:2    | Found Koeheut's Antique Armour Shoppe.
 19825 | Orc:2    | Found Ziqenujets's Distillery.
 19825 | Orc:2    | Found Beyghi's Armour Shoppe.
 19928 | Orc:2    | Found Nycos's Antique Armour Boutique.
 20704 | D:14     | Found a gate to the Vaults.
 20808 | D:14     | Found a basalt altar of Yredelemnul.
 20867 | D:14     | Received a gift from Trog
 21309 | D:14     | Lost mutation: You possess an exceptional clarity of mind. [potion of cure mutation]
 21309 | D:14     | Lost mutation: Your body sometimes deteriorates upon taking damage. [potion of cure mutation]
 21309 | D:14     | Lost mutation: You evolve. [potion of cure mutation]
 21318 | D:15     | Entered Level 15 of the Dungeon
 22082 | D:15     | Upgraded the game from 0.20-a0-537-g052e6ba to 0.20-a0-540-ge6d1839
 22877 | D:15     | Reached skill level 15 in Fighting
 23086 | D:15     | Found a staircase to the Depths.
 23394 | Swamp:1  | Entered Level 1 of the Swamp
 23515 | Swamp:1  | Reached skill level 21 in Axes
 23532 | Swamp:1  | Quit the game

Vault maps used:
D:1:      elethiomel_arrival_maze
D:2:      minivault_26, nicolae_qazlal_style_of_elements
D:3:      st_stairs_10
D:4:      first_bread
D:5:      portal_sewer_entry_a, minivault_1, wad_floor_pattern_untrapped,
          cheibrodos_gnoll_hut, uniq_grinder
D:6:      kennysheep_vampire_church
D:7:      marbit_many_paths, minmay_temple_entry_enclosed_plants
D:8:      old_standard_altar, erik_lair_orcish_takeover,
          lightli_ossuary_entry_decrepit_ruins, serial_glass, glass_columns_a,
          glass_columns_a, the_bakery, corexii_hall_statues_x, okawaru_trees_2
D:9:      orc_david_3, uniq_grum
D:10:     uniq_fannar
D:11:     kennysheep_generic_room_13
D:12:     uniq_harold, uniq_nergalle, uniq_erolcha
D:13:     minivault_1
D:14:     grunt_vaults_entry_fortified, lemuel_mausoleum_altar_yredelemnul
D:15:     grunt_enter_depths_hoard, moated_statue
Lair:1:   grunt_megastairs_1
Lair:2:   lab_entry_generic, st_stairs_10, eino_small_chamber_without_monster,
          worms_lemuel, lemuel_fruit_tree
Lair:3:   minmay_swamp_entry_worms, minmay_snake_entry_six_corridors,
          serial_bayou_shore_a, minmay_lair_oklob_chamber,
          infiniplex_staircase_pool_2, lemuel_fruit_fields
Lair:4:   eino_house_with_fridge, lemuel_fruit_fields
Lair:5:   dpeg_slime_entry_corner, grunt_megastairs_5, uniq_rupert
Lair:6:   hangedman_lair_in_review, wormcave, uniq_nessos
Swamp:1:  portal_ice_cave_entry_frozen_things, nicolae_swamp_trees_clearing
Orc:1:    serial_shops, nicolae_shop_stone, enter_bailey_2,
          nicolae_orc_rockfall, uniq_erica, uniq_maurice
Orc:2:    grunt_orc_tribal_feast, serial_shops, shop, shop, shop,
          uniq_saint_roka, uniq_snorg
Lab:      labyrinth_mini_lab, lab_block, nicolae_lab_lava, nicolae_lab_t_cross,
          labyrinth_lava_lair, nicolae_lab_arrow, nicolae_lab_blocks,
          nicolae_lab_swirl, lab_hedge
Sewer:    sewer_minmay_treatment
Ossuary:  ossuary_tomb_1
Bailey:   bailey_axe_minmay_hex_keep, bailey

Skill      XL: |  1  2  3  4  5  6  7  8  9 10 11 12 13 14 15 |
---------------+----------------------------------------------+-----
Axes           | 4 5 6 8 9 11 13 14 15 16 18 19 21 | 21.0
Fighting       | 4 6 9 10 11 12 14 15 | 15.0
Armour         | 3 6 8 10 11 12 13 14 | 14.4
Dodging        | 3 5 7 9 10 11 12 13 | 13.7

Action                   |  1- 3 |  4- 6 |  7- 9 | 10-12 | 13-15 || total
-------------------------+-------+-------+-------+-------+-------++-------
Melee: Hand axe          |    93 |   232 |    85 |       |       ||   410
       Headbutt          |    15 |    31 |    52 |    96 |   183 ||   377
       War axe           |       |       |   137 |       |       ||   137
       Battleaxe         |       |       |    85 |   321 |       ||   406
       Unarmed           |       |       |       |     7 |       ||     7
       Executioner's axe |       |       |       |   194 |   795 ||   989
Invok: Berserk           |     1 |     3 |     5 |    11 |    12 ||    32
       Burn Spellbooks   |       |     1 |       |     1 |     5 ||     7
       Trog's Hand       |       |       |       |     2 |    12 ||    14
       Brothers in Arms  |       |       |       |     3 |    10 ||    13
  Use: Scroll            |     3 |     4 |     9 |    14 |    17 ||    47
       Potion            |       |       |       |       |    12 ||    12
 Stab: Sleeping          |       |     1 |       |       |       ||     1
       Distracted        |       |       |       |       |     1 ||     1
  Eat: Chunk             |     2 |    11 |    14 |    28 |    43 ||    98
       Bread ration      |       |       |       |     2 |     4 ||     6
Armor: Animal skin       |    23 |    40 |       |       |       ||    63
       Chain mail        |       |    46 |   136 |    18 |       ||   200
       Plate armour      |       |       |       |   238 |   451 ||   689
Dodge: Dodged            |    59 |   107 |    92 |   282 |   496 ||  1036
